[Event "Croatian 1B League 2022"]
[Site "Porec"]
[Date "2022.09.26"]
[Round "3.10"]
[White "Vojak, Daniel"]
[Black "Drmic, Tomislav"]
[Result "1/2-1/2"]
[ECO "C16"]
[WhiteElo "2300"]
[BlackElo "2254"]
[Annotator "TA"]
[PlyCount "136"]
[EventDate "2022.09.24"]
[EventType "team-tourn"]
[EventCountry "CRO"]
[SourceTitle "playchess.com"]
[Source "ChessBase"]
[SourceQuality "1"]
[TimeControl "40/5400+30:1800+30"]

1. e4 e6 2. d4 d5 3. Nc3 Bb4 4. e5 b6 5. h4 Qd7 6. h5 {[%emt 0:06:09] C16: French: 3 Nc3 Bb4 4 e5: Lines without ...c5.} h6 {[%emt 0:00:47] [#]} 7. Rh4 $146 (7. Qg4 $14 Kf8 8. Bd2) ({Predecessor:} 7. Rh3 Ba6 8. Bxa6 Nxa6 9. Qe2 Nb8 10. a3 Bxc3+ 11. Rxc3 Ne7 12. Nf3 Nbc6 13. g4 {½-½ (32) Saric,I (2650)-Ponkratov,P (2619) Budva 2019}) 7... Ba6 (7... Ne7 $11) 8. Bxa6 {[%emt 0:05:47] White is slightly better.} Nxa6 9. Qd3 Nb8 (9... Bxc3+ $5 10. bxc3 Qa4 $11) 10. Nf3 Nc6 11. Kf1 (11. Rg4 $5 ) 11... O-O-O (11... Bxc3 $11 {remains equal.} 12. Qxc3 Nge7) 12. Ne2 $16 Bf8 13. c3 Kb8 14. b4 Rc8 15. a4 Nd8 16. Qa6 Qc6 17. Rf4 Ne7 18. Qd3 {[%emt 0:02:04] White is much more active.} g5 19. Rg4 (19. hxg6 $1 $16 fxg6 20. Rh4) 19... Nf5 $11 20. Nd2 Be7 21. b5 (21. a5 $11) 21... Qd7 $15 22. a5 Ng7 (22... Nb7 $15) 23. Ng3 (23. c4 $11) 23... f5 24. exf6 $1 Bxf6 25. Kg1 (25. Ba3 $1 $11) 25... e5 $2 (25... Nb7 $1 $17 26. axb6 cxb6) 26. Qf3 $14 Rf8 ({Black should try} 26... Ne8 $14) 27. dxe5 $1 $16 Bxe5 (27... Be7 $16 28. Qd1 (28. Qe2 Bc5 $11) 28... Nf5) 28. Qxf8 $18 Qxg4 {[%emt 0:00:11] [#]} 29. axb6 $1 {[%emt 0:00:23] Qa3 would kill now.} Qd7 (29... Qd1+ $2 30. Ndf1 Qb3 31. bxc7+ Bxc7 32. Qxg7 $18) 30. b7 {[%emt 0:06:13] Really sharp!} (30. bxa7+ $6 Ka8 $16) 30... Kxb7 $2 (30... Nxb7 31. Qa3 a5) 31. Qa3 (31. Qc5 Ra8 $14) 31... Ra8 32. Qa6+ Kb8 33. Nb3 $2 (33. Qxh6 $6 Bxc3 34. Ra3 Bd4 35. Qxg5 Nf7 $18) (33. Nf3 $18 {has better winning chances.} Bxc3 34. Ra3) 33... Qe6 (33... Bxg3 $2 34. Be3 (34. fxg3 Qe6 $16) 34... Bh2+ 35. Kh1 $18) ({Better is} 33... Bxc3 34. Ra2 (34. Nc5 Qd6 $15) 34... Nge6) 34. Qa5 $2 (34. Be3 $16 Qxa6 35. Rxa6) 34... Bxg3 $11 35. fxg3 Qb6+ (35... Qe1+ 36. Kh2 Qe8 37. Nd4 $16) (35... Nxh5 $15 36. c4 Qb6+ 37. c5 Qxa5 38. Nxa5 Nxg3) 36. Kh2 Qxa5 37. Nxa5 (37. Rxa5 $5 Nf5 38. Ra6 $14) 37... Nxh5 {[%emt 0:00:43] The position is equal.} 38. Be3 Nf6 {[%emt 0:00:49] Strongly threatening ...Ng4+.} 39. Bd4 Ng4+ 40. Kh3 {[%emt 0:00:00][%mdl 1024] White has compensation.} h5 41. Rf1 Kc8 42. Rf8 {[%emt 0:03:38] And now Nc6 would win.} a6 43. Nc6 Kd7 44. Rh8 $132 {[%emt 0:02:06][%mdl 2048] Hoping for Nxd8. White is fighting back} axb5 45. Nxd8 c5 46. Rh7+ (46. Bxc5 Ra1 47. Rxh5 Nf6 $15) (46. Rxh5 cxd4 47. Kxg4 dxc3 $19) 46... Kxd8 {[%emt 0:01:41][%mdl 4096] Endgame KRB-KRN} 47. Rh8+ $1 ({Don't blunder} 47. Bxc5 $2 Ra1 48. Rxh5 Nf6 49. Rh8+ (49. Bb6+ $2 Kd7 $19) 49... Kd7 $19) 47... Kc7 48. Rxa8 cxd4 49. cxd4 {[%emt 0:00:12] KR-KN} Kb6 50. Rd8 {[%emt 0:06:04] Black must now prevent Rd6+.} Ne3 51. g4 hxg4+ 52. Kg3 b4 53. Kf2 Nc2 54. Ke2 {[%emt 0:01:13] Rd6+ is the strong threat.} Nxd4+ 55. Kd3 Kc5 56. g3 Nc6 (56... Nf5 $5) 57. Re8 d4 58. Rg8 Ne5+ 59. Ke4 Nf3 60. Rc8+ Kb5 61. Kd3 b3 62. Rb8+ Ka4 63. Ra8+ ({Don't go for} 63. Kc4 $2 Ne5+ 64. Kd5 {[#]} d3 $1 65. Ra8+ Kb4 $19) 63... Kb4 64. Ra6 Kc5 65. Ra5+ Kb4 66. Ra6 $1 Kb5 67. Ra8 Kc5 68. Ra5+ Kb4 {[%emt 0:00:23] Black escapes into a draw.  Weighted Error Value: White=0.26 (precise) /Black=0.26 (precise)} 1/2-1/2

[Event "Croatian 1B League 2022"]
[Site "Porec"]
[Date "2022.09.26"]
[Round "3.11"]
[White "Ascic, Pero"]
[Black "Sevo, Igor"]
[Result "1/2-1/2"]
[ECO "A14"]
[WhiteElo "2237"]
[BlackElo "2255"]
[Annotator "TA"]
[PlyCount "156"]
[EventDate "2022.09.24"]
[EventType "team-tourn"]
[EventCountry "CRO"]
[SourceTitle "playchess.com"]
[Source "ChessBase"]
[SourceQuality "1"]
[TimeControl "40/5400+30:1800+30"]

1. Nf3 Nf6 2. g3 d5 3. Bg2 e6 4. O-O Be7 5. b3 O-O 6. Bb2 Nbd7 7. c4 c6 8. d3 Re8 9. Nbd2 Nf8 {[%emt 0:08:19] A14: English Opening: 1...e6 with b3 by White.} 10. Qc2 Ng6 11. e4 Bf8 {[%emt 0:01:17] [#]} 12. e5 $146 ({Predecessor:} 12. d4 b6 13. Rfe1 Bb7 14. e5 Nd7 15. h4 Be7 16. h5 Ngf8 17. Nh2 f5 18. exf6 Nxf6 {1-0 (34) Reinderman,D (2571)-Fluit,J (2123) Maarssen 2013}) 12... Nd7 13. d4 dxc4 (13... b6 $14) 14. Nxc4 $16 Nb6 15. h4 Be7 16. Nfd2 $36 {[%emt 0:06:35][%mdl 2048] White is really pushing.} f5 17. exf6 gxf6 18. Rfe1 Nd5 19. a3 Nf8 20. Ne4 {[%emt 0:02:12] White is much more active.} b6 21. Qe2 f5 {[%emt 0:00:41] [#]} (21... a5 $142 22. Ned2 Ng6) 22. Ned2 (22. Ne5 $1 $18) 22... Bf6 23. Nf3 Re7 24. Nfe5 Rc7 25. Rac1 Ng6 (25... Bb7 $16 26. a4 Rac8) 26. Nd3 Rg7 27. h5 Nge7 28. Nce5 Bb7 $2 (28... Bxe5 29. Nxe5 f4) 29. h6 $18 Rg5 30. Nf3 Bc8 31. Nxg5 Bxg5 32. f4 Bxh6 33. Qh5 (33. Ne5 $142 Bg7 34. Nxc6 Nxc6 35. Rxc6) 33... Bg7 34. Ne5 Bxe5 35. Rxe5 {[%emt 0:00:43] Chess con chili.} (35. dxe5 $18 Bb7 36. Kf2) 35... Ng6 $2 (35... Bd7 $16 {is tougher.} 36. a4 Qf8 37. Qg5+ Kh8) 36. Ree1 $2 (36. Rxc6 $18 {and the rest is easy. Hoping for Bxd5.} Nde7 37. Rc2 Nxe5 38. Bxa8) 36... Bd7 37. Rc2 Qf8 38. Bxd5 exd5 39. Rce2 Qf6 40. Kf2 Rf8 41. b4 Rf7 42. Qh6 Ne5 43. Qxf6 Ng4+ 44. Kf3 {[%emt 0:04:55][%cal Oe2e8] [#] White wants to mate with Re8+!} Nxf6 45. Re7 Ne4 46. Rxf7 Kxf7 $16 {[%emt 0:00:05][%mdl 4096] Endgame KRB-KBN} 47. Rh1 Kg6 48. Rh2 Nd6 49. Rc2 Kf6 50. a4 a6 51. Kg2 Nc4 {[%emt 0:07:40] Threatens to win with ...Ne3+.} 52. Bc1 {[%emt 0:00:15] Inhibits Ne3+.} Be8 53. Kh3 Bh5 54. Ra2 Bd1 55. Kg2 Ke6 56. Kf2 Bg4 57. Ke1 Kd7 58. Rh2 h5 59. Rc2 Bf3 60. Rc3 Bg4 61. Bd2 Nd6 62. Rb3 Nc4 63. Bc1 Kd8 64. Ba3 b5 65. axb5 axb5 {[%emt 0:00:06] White is slightly better.} 66. Bc1 Kc7 67. Rb1 Kb7 68. Ra1 Nd6 69. Ra3 Ne4 70. Re3 Kb6 71. Bb2 Kb7 72. Bc3 Kb6 73. Kf1 Kb7 74. Be1 Kb6 75. Kg1 Kb7 76. Ra3 Kb8 77. Ra1 Kb7 78. Rc1 Kb6 {[%emt 0:00:05] Black escapes into a draw.  Weighted Error Value: White=0.30/Black=0.32} 1/2-1/2

[Event "Croatian 1B League 2022"]
[Site "Porec"]
[Date "2022.09.26"]
[Round "3.12"]
[White "Novosel, Lovro"]
[Black "Vargic, Drago"]
[Result "1-0"]
[ECO "A04"]
[WhiteElo "2274"]
[BlackElo "2259"]
[Annotator "TA"]
[PlyCount "315"]
[EventDate "2022.09.24"]
[EventType "team-tourn"]
[EventCountry "CRO"]
[SourceTitle "playchess.com"]
[Source "ChessBase"]
[SourceQuality "1"]
[TimeControl "40/5400+30:1800+30"]

1. Nf3 e6 2. g3 c5 3. Bg2 Nc6 4. c4 a6 5. O-O h5 6. h4 Be7 7. Nc3 Nh6 8. d4 cxd4 9. Nxd4 Ng4 10. Ne4 O-O 11. Ng5 g6 12. Nxc6 bxc6 13. Qc2 Qb6 14. b3 Bf6 15. Bb2 Bxb2 16. Qxb2 d5 17. Rac1 a5 18. Bf3 f6 19. Nh3 Ne5 20. cxd5 Nxf3+ 21. exf3 exd5 22. Nf4 Bf5 23. Qc3 Rac8 24. Rfe1 Qb4 25. Qc5 Rfd8 26. Kg2 Qxc5 27. Rxc5 Kf7 28. Rxa5 Ra8 29. Rc5 g5 30. hxg5 fxg5 31. Nxh5 Rd6 32. Re2 Bb1 33. a4 Rb8 34. Rb2 Bg6 35. g4 d4 36. Rxg5 d3 37. Rd2 Rxb3 38. Nf4 Rc3 39. Nxg6 Rxg6 40. Rxg6 Kxg6 41. f4 $1 c5 $1 42. Kf3 c4 $1 43. Ke3 Rc1 $1 44. Rb2 Ra1 (44... Rd1 $1 $11 45. Kd4 Rc1) 45. a5 ({White should try} 45. f3 $16) 45... Rxa5 $11 46. Rb6+ Kf7 47. Rb7+ Ke8 48. Rb8+ Kd7 49. Rb7+ (49. Rb1 $1 $11) 49... Kc6 $17 50. Rb4 Kc5 51. Rb8 Ra2 (51... Ra7 $1 $17 {[%cal Ra7e7] ...Re7+ is the strong threat.} 52. Rd8 Re7+ 53. Kf3 Rc7) 52. Rc8+ Kb4 53. g5 $2 (53. Rd8 $11) 53... Re2+ $19 54. Kf3 Re1 55. Rb8+ Kc3 56. Rd8 d2 57. f5 {[%emt 0:00:11] [#]} d1=Q+ $2 (57... Re8 $1 $19 58. Rd7 (58. Rxe8 d1=Q+) 58... Kc2) 58. Rxd1 $11 Rxd1 59. f6 Kb2 60. f7 Rd8 (60... c3 $1 $11 {remains equal.} 61. f8=Q c2) 61. g6 $16 c3 $2 (61... Rf8 $16 {was necessary.}) 62. g7 $18 c2 63. f8=Q (63. g8=Q $142 Rxg8 64. fxg8=Q) 63... Rxf8+ (63... c1=Q $142 64. Qxd8 Qc3+ 65. Ke4 Qe1+ 66. Kf5 Qxf2+ 67. Ke6 Qe3+ 68. Kf7 Qb3+ 69. Ke7 Qe3+ 70. Kf7 Qb3+ 71. Kf8 Qb4+ 72. Kg8 Qb3+ 73. Kh7 Qc2+ 74. Kh8 (74. Kh6 Qh2+ 75. Kg6 Qc2+ 76. Kh5 Qh7+ 77. Kg4 Qxg7+ 78. Kf5 Qh7+ 79. Kg5 Qg7+ 80. Kf5 Qh7+ 81. Kg5 Qg7+ 82. Kf5 $11) 74... Qh2+ 75. Kg8 Qf4 76. Qb6+ Ka3 77. Qa5+ Kb2 78. Qb6+ Ka3) 64. gxf8=Q $18 c1=Q 65. Qb4+ Ka2 66. Qa4+ $2 (66. Qa5+ $18 Kb3 67. Qb5+ Ka2 68. Qa6+ Kb2 69. Qe2+ Kb1 70. Qe4+ Ka2 71. Qe2+ Ka1 72. Kg4) 66... Kb2 $2 (66... Kb1 $16 67. Qe4+ Ka2 68. Qa4+ Kb1 69. Qb3+ Ka1) 67. Qd4+ $18 Ka2 68. Ke2 $1 ({Not} 68. Qa7+ Kb1 $16) 68... Qc6 69. f4 $1 Qg2+ 70. Ke3 Qh3+ 71. Ke4 (71. Kd2 $142 {White threatens Qc4+ and mate.} Qg2+ 72. Kc3 Qg3+ 73. Kb4) 71... Qg2+ 72. Kf5 Qh3+ 73. Kg5 Qg3+ 74. Kf6 Qh4+ 75. Ke6 Qg4+ 76. Kd6 $2 (76. Ke7 Kb1 77. Qe4+ Kc1 78. Qe5) 76... Qc8 $2 (76... Qg6+ 77. Kc5 Qc2+ 78. Kd5 (78. Qc4+ Ka3 $18) 78... Qf5+ 79. Qe5 Qd7+ 80. Kc5 Qa7+ 81. Kd6 Qa6+ 82. Ke7 Qa7+ 83. Kf6 Qa8 84. Qe6+ Kb2) 77. Qd5+ Kb2 78. f5 Qf8+ 79. Ke5 Qe7+ 80. Qe6 Qc5+ 81. Kf6 Kb1 82. Qe1+ Ka2 83. Kg6 Qc2 84. Qe6+ Kb1 85. Qd5 Ka1 86. Kg7 Qc7+ 87. Qf7 Qg3+ 88. Qg6 Qc7+ 89. Kg8 $1 Qb8+ 90. Kh7 Qh2+ 91. Qh6 Qc2 92. Qh1+ Ka2 93. Qf3 Ka1 94. Kg7 Qc7+ 95. Kh6 Qc1+ 96. Kh5 Qc5 97. Qe4 Ka2 98. Kg6 Qg1+ 99. Kh7 Qh2+ 100. Kg8 Qg3+ 101. Kf7 Qc7+ 102. Qe7 Qh2 103. Qe6+ Kb1 104. Qe4+ Ka1 105. f6 Qc7+ 106. Kg8 Qb8+ 107. Kg7 Qg3+ 108. Qg6 Qc3 109. Qg1+ Ka2 110. Qa7+ Kb1 111. Qb6+ Ka2 112. Qd6 Kb1 113. Qf4 Ka2 114. Qf5 ({Resist} 114. Qa4+ Kb2 115. Qg4 Kb3 116. Qe6+ Kb2) 114... Qd4 115. Kg8 $2 (115. Kg6 {Intending Qe6+ and mate.} Qd6 116. Qc2+ Ka3 117. Qc3+ Ka4 118. Kg7) 115... Qd8+ $18 116. Kh7 Qc7+ 117. f7 $2 (117. Kg6 $18 {Threatening mate with Qf2+.} Qg3+ 118. Kh5 Qh2+ 119. Kg5 Qg1+ 120. Qg4 Qc5+ 121. Kg6 Qc2+ 122. Kh6 Qd2+ 123. Qg5) 117... Ka1 $2 (117... Qh2+ $11 118. Kg7 Qg1+ 119. Qg6 Qd4+ 120. Kg8 Qd5) 118. Kh8 Qh2+ 119. Kg7 Qg3+ 120. Qg6 Qc7 121. Qg4 Qe5+ 122. Kg8 Qd5 123. Qg6 Ka2 124. Kh7 Qd7 125. Kh6 Qh3+ 126. Kg5 $2 (126. Kg7 {mates} Qc3+ 127. Kh7 Qh3+ 128. Kg8 Qb3 129. Qa6+ Kb2 130. Kg7 Qg3+ 131. Qg6) 126... Qg3+ $2 (126... Qe3+ $11 127. Kf6 Qc3+ 128. Ke7 Qb4+ 129. Qd6 Qh4+ 130. Qf6 Qb4+ 131. Qd6 Qb7+ 132. Kf6 Qf3+ 133. Kg7 Qg4+ 134. Qg6 Qd4+ 135. Kg8 Qc4 136. Qg2+ Ka3) 127. Kf6 Qc3+ 128. Ke7 Qc7+ 129. Kf8 $1 Qd8+ 130. Kg7 Qd4+ 131. Qf6 Qg4+ 132. Kh7 Qh3+ 133. Kg8 Qg4+ 134. Qg7 $1 Qc4 135. Qg2+ Ka1 136. Qf3 Kb1 137. Qf5+ Ka2 138. Kg7 Qd4+ 139. Kg6 Qd6+ 140. Kg5 Qg3+ 141. Kf6 Qh4+ 142. Ke6 Qh6+ 143. Ke7 (143. Ke5 $142 Qh2+ 144. Qf4 Qh8+ 145. Ke4 Qh1+ 146. Qf3 Qe1+ 147. Kf5 Qa5+ 148. Kg4 Qb4+ 149. Qf4) 143... Qh4+ $18 144. Ke6 Qh6+ 145. Qf6 (145. Ke5 $142 Qh2+ 146. Qf4 Qh8+ 147. Ke4 Qh1+ 148. Qf3 Qe1+ 149. Kf5 Qa5+ 150. Kg4 Qb4+ 151. Qf4) 145... Qe3+ $18 {[%emt 0:00:09] [#]} 146. Qe5 $1 Qb6+ 147. Kf5 Qf2+ {[%emt 0:00:27] [#]} 148. Qf4 $1 Qc5+ 149. Kg4 Qc8+ 150. Qf5 Qf8 151. Qf2+ Kb3 152. Kh5 Ka3 153. Qg3+ Ka2 154. Kg6 Kb1 155. Qb3+ Ka1 156. Qc3+ Ka2 157. Qf6 Kb1 158. Kh7 1-0

[Event "Croatian 1B League 2022"]
[Site "Porec"]
[Date "2022.09.27"]
[Round "4.1"]
[White "Dobrovoljc, Vid"]
[Black "Teclaf, Pawel"]
[Result "0-1"]
[ECO "B50"]
[WhiteElo "2402"]
[BlackElo "2547"]
[Annotator "TA"]
[PlyCount "119"]
[EventDate "2022.09.24"]
[EventType "team-tourn"]
[EventCountry "CRO"]
[SourceTitle "playchess.com"]
[Source "ChessBase"]
[SourceQuality "1"]
[TimeControl "40/5400+30:1800+30"]

1. e4 c5 2. Nc3 a6 3. g3 Nc6 4. Nf3 d6 5. Bg2 Bg4 6. h3 {[%emt 0:10:59] B50: Sicilian: 2...d6, Miscellaneous.} Bxf3 7. Bxf3 g6 8. O-O {[%emt 0:03:25] The position is equal.} Bg7 9. Bg2 Nf6 10. d3 O-O 11. a4 Nd7 12. Re1 Rc8 {[%emt 0:05:28][%cal Oc5c4] [#]} 13. Ne2 $146 ({Predecessor:} 13. h4 c4 14. Bg5 Qa5 15. Nd5 e6 16. Ne7+ Nxe7 17. Bxe7 Rfe8 18. Bxd6 Bxb2 19. Rb1 {½-½ (45) Schiff,A-Schoembs,O freechess.de 2017}) 13... Qa5 14. Bd2 Nb4 15. Qb1 Rfe8 16. c3 Nc6 17. Ra2 Qc7 18. Rc1 Qb8 19. a5 e6 20. Be3 Nce5 21. b3 Rc7 22. Bf4 Rcc8 23. Rd1 Nc6 24. Be3 Bf8 25. Nf4 Bg7 26. Ne2 Bf8 $1 27. Kh1 Bg7 28. b4 (28. Rc1 $14) 28... cxb4 $11 29. cxb4 Na7 30. Rc1 Nb5 31. Rc4 Ne5 {[%emt 0:00:30][%cal Bd7e5,Be5c6,Bc6d4][%mdl 32] Pair of Knights!} 32. Rxc8 Rxc8 33. f4 Nc6 34. Bf1 ({White should play} 34. Qb3 $15) 34... Bc3 $17 35. Ra4 Ncd4 36. Ra2 Qc7 37. Kg2 Qc6 38. h4 h5 39. Kh3 Nxe2 40. Bxe2 Bd4 41. Bd2 Nc3 $36 {[%emt 0:10:52][%mdl 2048] Keeping White busy. Black is more active.} 42. Bxc3 Qxc3 43. g4 (43. Kg2 $17 {is a better defense.}) 43... hxg4+ $19 44. Bxg4 Kg7 (44... Bf6 $19 {...Qd4 is the strong threat.} 45. h5 Qd4) 45. Re2 (45. f5 $17) 45... Rc4 46. f5 $2 {[%emt 0:02:41][%mdl 8192] Now White is beyond hope.} (46. Rb2 $17 {is tougher.} Rc8 47. Rg2) 46... Rxb4 47. Qd1 exf5 48. exf5 {[%emt 0:00:04] [#]} Be5 $1 {[%emt 0:02:05] White must now prevent ...Qd4.} 49. fxg6 {[%emt 0:01:06] [#]} Qd4 $1 50. Re4 {[%emt 0:02:20] [#]} Qf2 51. Rxe5 dxe5 52. gxf7 {[%emt 0:00:09][%mdl 4096] Endgame KQR-KQB} Qe3+ 53. Qf3 Qxf3+ 54. Bxf3 Kxf7 {[%emt 0:00:22] ( -> ...b6). KR-KB} 55. Be4 b6 {[%emt 0:01:09] Black mates.} 56. axb6 Rxb6 57. Kg4 Kf6 58. h5 a5 59. h6 a4 60. h7 {[%emt 0:01:23] Weighted Error Value: White=0.64/Black=0.06 (flawless)} 0-1

[Event "Croatian 1B League 2022"]
[Site "Porec"]
[Date "2022.09.27"]
[Round "4.2"]
[White "Sprenger, Jan Michael"]
[Black "Drnovsek, Gal"]
[Result "0-1"]
[ECO "B90"]
[WhiteElo "2475"]
[BlackElo "2393"]
[Annotator "TA"]
[PlyCount "120"]
[EventDate "2022.09.24"]
[EventType "team-tourn"]
[EventCountry "CRO"]
[SourceTitle "playchess.com"]
[Source "ChessBase"]
[SourceQuality "1"]
[TimeControl "40/5400+30:1800+30"]

1. e4 c5 2. Nf3 d6 3. d4 cxd4 4. Nxd4 Nf6 5. Nc3 a6 6. h3 e5 7. Nde2 Be7 8. g4 {[%emt 0:00:26] B90: Sicilian Najdorf: Unusual White 6th moves, 6 Be3 Ng4 and 6 Be3 e5.} h6 9. Bg2 Nbd7 10. Ng3 {[%emt 0:06:18] White is slightly better.} Nb6 11. O-O O-O {[%emt 0:04:43] [#]} 12. f4 $146 ({Predecessor:} 12. b3 Be6 13. Nd5 Nbxd5 14. exd5 Bd7 15. c4 Qc7 16. Be3 b5 17. Rc1 bxc4 18. bxc4 {1-0 (87) Mogranzini,R (2422)-Gaehwiler,G (2226) Rogaska Slatina 2009}) 12... exf4 13. Bxf4 Be6 14. Nf5 (14. Kh1 $14) 14... Bxf5 $11 15. exf5 d5 16. Kh1 Rc8 17. a4 d4 18. Ne2 Nbd5 19. Nxd4 Nxf4 20. Rxf4 Qb6 21. a5 (21. Rb1 $15) 21... Qxb2 $17 22. Rb1 Qc3 {[%emt 0:01:46] Black is more active.} (22... Qa3 $1 $17) 23. Rxb7 $15 Rfe8 24. Qd3 Qc5 {[%emt 0:04:43][%mdl 1024] aiming for ...Bd6. Black has compensation.} 25. Rf1 $2 (25. Qxa6 Qe5 26. Rf1 (26. Qf1 $2 Bd6 $19) 26... Bd6 $17) ({White has to play} 25. Nb3 $1 $15 Qxc2 26. Qxc2 Rxc2 27. Rf1) 25... Rcd8 $2 (25... Bd6 $1 $19 {Threatens to win with ...Qe5.} 26. Rd1 (26. Qb3 Rc7 $19) 26... Qxa5) 26. c3 Bd6 27. Nc6 {[%emt 0:06:10] Against Qe5} Rc8 $1 28. Rb6 (28. Qxa6 $2 Qxc3 29. Na7 Qg3 30. Qxd6 Qxd6 $19) 28... Bc7 (28... Nd7 $5 29. Rxa6 Nb8 30. Nxb8 Bxb8 $17) 29. Rb7 (29. Rxa6 $2 Rcd8 $1 30. Nd4 (30. Nxd8 $2 Qe5 $19) 30... Qe5 $19) (29. Rb4 $11) 29... Bd6 (29... Bxa5 $5 30. Qxa6 Ne4 31. Bxe4 Rxe4 32. Qxa5 (32. Nxa5 $2 Qe3 $19) 32... Qxc6 $17) 30. Rb6 (30. Qxa6 $2 Qxc3 31. Na7 Qg3 32. Qxd6 Qxd6 $19) 30... Bc7 31. Rb7 (31. Rxa6 $2 Rcd8 $1 32. Qc2 (32. Nxd8 $2 Qe5 $19) 32... Ne4 33. Bxe4 Qe3 $19) 31... Bxa5 32. Qxa6 Bc7 ({Don't play} 32... Ra8 33. Qd3 $11) (32... Ne4 $1 $15 33. Bxe4 Rxe4 34. Qxa5 (34. Nxa5 $2 Qe3 $19) 34... Qxc6) 33. Qd3 $1 $11 ({Avoid the trap} 33. Qa2 $2 Ne4 34. Bxe4 Rxe4 $19) 33... Re3 $40 {[%emt 0:01:11][%mdl 128] Black is up to no good.} 34. Qd4 Qxd4 35. cxd4 {[%emt 0:00:13] And now Na7 would win.} Bd6 36. Rbb1 Rce8 37. Bf3 {[%emt 0:00:51] [#] White is on the road to losing.} (37. Ne5 $11 {and White is okay.} Bxe5 38. dxe5 R3xe5 39. Rb4) 37... Ne4 $1 $19 38. Kg2 Nd2 $1 39. Rbd1 Nxf1 ({And not} 39... Nxf3 40. Rxf3 Re2+ 41. Rf2 $11) 40. Rxf1 Rc3 41. Rf2 Ree3 42. Ne5 Bxe5 43. dxe5 Rxe5 {[%emt 0:00:14][%mdl 4096] Endgame KRR-KRB} 44. Kg3 Kf8 45. Kf4 (45. Kh4 $142) 45... Ree3 46. Bg2 (46. h4 {was the only chance.}) 46... Red3 {[%emt 0:00:50] Hoping for ...Rc4+.} 47. Bf3 Ke7 48. Rf1 Rd4+ 49. Kg3 Kf6 50. Rf2 $2 (50. Kh4) 50... Rdd3 (50... h5 $142 {...hxg4 is the strong threat.} 51. gxh5 Kxf5) 51. Kf4 Rd4+ (51... Rc4+ $142 52. Kg3 h5) 52. Kg3 h5 {[%emt 0:00:40] Black is clearly winning.} 53. gxh5 Kxf5 (53... Rdd3 $142 54. Kg2 {[#]} Rxf3 $1 55. Rxf3 Rxf3 56. Kxf3 Kxf5) 54. Kg2 Rf4 55. Bg4+ Kg5 56. Ra2 Kh4 57. Ra6 Rg3+ 58. Kh2 Rf2+ 59. Kh1 Rc3 {[%emt 0:00:53] ( -> ...Rc1+)} 60. Kg1 Kg3 {[%emt 0:01:03] Weighted Error Value: White=0.58/Black=0.49} 0-1

[Event "Croatian 1B League 2022"]
[Site "Porec"]
[Date "2022.09.27"]
[Round "4.3"]
[White "Golubovic, Boris"]
[Black "Muha, Miljenko"]
[Result "1/2-1/2"]
[ECO "C01"]
[WhiteElo "2360"]
[BlackElo "2298"]
[Annotator "TA"]
[PlyCount "48"]
[EventDate "2022.09.24"]
[EventType "team-tourn"]
[EventCountry "CRO"]
[SourceTitle "playchess.com"]
[Source "ChessBase"]
[SourceQuality "1"]
[TimeControl "40/5400+30:1800+30"]

1. e4 e6 2. d4 d5 3. exd5 exd5 4. Nf3 Nf6 5. Bd3 c5 6. O-O c4 7. Re1+ Be7 8. Bf1 O-O {[%emt 0:00:59] C01: French: Exchange Variation.} 9. b3 cxb3 10. axb3 Nc6 11. Ne5 Bf5 12. Nxc6 bxc6 13. Rxe7 Qxe7 14. Ba3 Qe4 {[%emt 0:08:06] [#] And now ...Rfe8 would win.} 15. Bxf8 Kxf8 16. c3 {[%emt 0:06:23] [#]} Qc2 $146 ({Predecessor:} 16... Re8 17. Nd2 Qe7 18. b4 h6 19. Ra6 Qe1 20. Ra1 Qe7 21. Qa4 Qd6 22. Qxa7 Qf4 {½-½ (33) Merecki,A (1418)-Balacek,T (2367) Katowice 2021}) 17. Qxc2 Bxc2 18. Nd2 a5 $1 19. Ra2 Bf5 20. f3 h5 21. Ra4 Bc2 $1 22. Ra2 Bf5 23. Ra4 Bc2 $1 24. Ra2 Bf5 {[%emt 0:02:03] An even fight not without its subleties.  Weighted Error Value: White=0.05 (flawless) /Black=0.01 (flawless)} 1/2-1/2

[Event "Croatian 1B League 2022"]
[Site "Porec"]
[Date "2022.09.27"]
[Round "4.4"]
[White "Ivic, Mateo"]
[Black "Petrov, Jole"]
[Result "1/2-1/2"]
[ECO "B12"]
[WhiteElo "2203"]
[BlackElo "2370"]
[Annotator "TA"]
[PlyCount "83"]
[EventDate "2022.09.24"]
[EventType "team-tourn"]
[EventCountry "CRO"]
[SourceTitle "playchess.com"]
[Source "ChessBase"]
[SourceQuality "1"]
[TimeControl "40/5400+30:1800+30"]

1. e4 c6 2. d4 d5 3. e5 c5 4. dxc5 e6 5. Bd3 Bxc5 6. Qg4 {[%emt 0:03:23] B12: Caro-Kann: Advance Variation.} Ne7 7. b4 Bb6 8. Nf3 {[%emt 0:02:13] White is slightly better.} ({But not} 8. Qxg7 Rg8 9. Qxh7 Bd4 $11) 8... Ng6 {[%emt 0:18:25] [#]} 9. O-O $146 ({Predecessor:} 9. h4 f5 10. Qg3 O-O 11. h5 Nh8 12. Bg5 Qc7 13. Nbd2 a5 14. b5 Nd7 15. Be7 Nxe5 16. Bxf8 Nxf3+ 17. Nxf3 Qxg3 18. fxg3 Kxf8 {1-0 (46) Moussard,J (2625)-Plazuelo Pascual,J (2448) Barcelona 2020}) 9... Nc6 10. h4 (10. Bb2 $14) 10... f5 $15 11. Qh5 Nxb4 12. Ng5 (12. Nc3 $11 {remains equal.}) 12... Nxd3 $17 13. cxd3 {[%emt 0:01:40] [#]} Kf8 (13... Bd4 $1 $17 {Hoping for ...Qd7.} 14. Nxh7 {[#]} Qd7 $1 15. Qxg6+ Qf7 16. Qxf7+ Kxf7 17. Ng5+ Kg6) 14. Nxh7+ $11 Kg8 15. Qxg6 {[%emt 0:01:22] Intending Nf6+ and mate.} Rxh7 16. Bg5 Qf8 17. Nd2 Bd7 18. Nf3 Qf7 19. Qxf7+ Kxf7 20. Be3 Bxe3 (20... d4 $5 21. Bd2 Rhh8 $11) 21. fxe3 {[%emt 0:00:09] Black must now prevent Ng5+.} Ke7 22. Rac1 Bc6 (22... Rhh8 $1 $11 {keeps the balance.}) 23. g3 $16 {[%emt 0:02:40] White is more active.} Rhh8 24. Rc3 (24. Nd4 $5 ) 24... Rhc8 25. Rfc1 Bd7 {[%emt 0:00:06] The position is equal.} 26. Kf2 Rxc3 27. Rxc3 Rc8 28. Rxc8 Bxc8 $11 {[%emt 0:00:01][%mdl 4096] Endgame KB-KN} 29. Nd4 Bd7 30. Ke1 a5 31. Ne2 b5 32. Kd2 {[%emt 0:00:55] And now Kc3 would win.} b4 33. Nf4 Bb5 34. Kc2 a4 35. a3 b3+ 36. Kc3 Kf7 37. Kb2 Bd7 38. Kc3 Kg8 39. Kb2 Kh7 40. d4 Kg8 41. Kc3 Kf7 42. Kb2 {[%emt 0:01:24] Weighted Error Value: White=0.14 (very precise) /Black=0.12 (very precise)} 1/2-1/2